Tampa Bay Lightning vs Washington Capitals
Created - Monday, October 28, 2024 at 07:38
Goals
|
| Tampa Bay Lightning |
0 |
1 |
4 |
5 |
| Washington Capitals |
1 |
0 |
5 |
6 |
|
Shots
|
| Tampa Bay Lightning |
5 |
17 |
25 |
47 |
| Washington Capitals |
5 |
6 |
22 |
33 |
|
1st period
1. Washington Capitals , Alex Ovechkin 22 (Nico Hischier 31) at 10:59
Penalties :
Moritz Seider (TBL) for Roughing (Minor) at 4:33, Jake Oettinger (WSH) for Slashing (Minor) at 16:20 - Derek Forbort served the penalty, Fabian Zetterlund (WSH) for Interference (Minor) at 19:09
2nd period
2. Tampa Bay Lightning , Michael Matheson 5 (Brent Burns 16) at 9:58
Penalties :
Michael Matheson (TBL) for Slashing (Minor) at 6:21, Michael Matheson (TBL) for Roughing (Minor) at 15:20
3rd period
3. Washington Capitals , Jordan Kyrou 19 (Brad Marchand 19, Nick Foligno 21) at 1:25
4. Tampa Bay Lightning , Alexander Kerfoot 5 (Moritz Seider 14) at 2:43
5. Tampa Bay Lightning , Johnny Gaudreau 20 (Roope Hintz 28) at 3:13 (PP)
6. Tampa Bay Lightning , Kirill Kaprizov 35 (Jonathan Huberdeau 16, Michael Matheson 16) at 3:59
7. Tampa Bay Lightning , Trevor Moore 8 (Jack Roslovic 14, Michael Matheson 17) at 5:38
8. Washington Capitals , Brad Marchand 22 (Michael McLeod 12) at 5:56 (SH)
9. Washington Capitals , Nico Hischier 15 (Jason Robertson 30, Alex Ovechkin 29) at 8:44
10. Washington Capitals , Nico Hischier 16 (Jason Robertson 31) at 19:16 (PP)
11. Washington Capitals , Jordan Kyrou 20 (Nick Foligno 22, Vladimir Tarasenko 25) at 19:57 (PP)
Penalties :
Alex Ovechkin (WSH) for Slashing (Minor) at 3:06, David Savard (WSH) for Tripping (Minor) at 5:51, Moritz Seider (TBL) for High sticking (Minor) at 13:06, Jason Dickinson (TBL) for Roughing (Double Minor) at 19:15
Goalie Stats
Darcy Kuemper (TBL), 27 saves from 33 shots - (0.818), L, 3-7-0, 60:00 minutes
Jake Oettinger (WSH), 42 saves from 47 shots - (0.894), W, 19-8-1, 59:14 minutes
Players Stats for Tampa Bay Lightning
Player Name G A P +/- PIM S H SB GA TA FO MP PP MP PK MP
------------------------------------------------------------------------------------
Alexander Kerfoot 1 0 1 3 0 2 1 1 0 0 2/5 12:54 0:00 4:04
Anze Kopitar 0 0 0 0 0 4 1 0 1 0 13/32 18:08 2:39 0:36
Brent Burns 0 1 1 -1 0 0 2 3 0 2 0/0 24:06 2:37 4:23
Darnell Nurse 0 0 0 1 0 3 2 2 0 0 0/0 19:29 2:37 3:31
Dylan Cozens 0 0 0 -1 0 3 3 0 0 0 6/6 12:17 0:00 4:04
Gustav Nyquist 0 0 0 -2 0 3 1 0 0 0 0/1 12:25 3:25 0:00
Hampus Lindholm 0 0 0 -1 0 1 2 1 0 1 0/0 17:34 0:00 4:15
Jack Roslovic 0 1 1 3 0 1 1 0 0 0 0/0 8:21 0:00 0:00
Jason Dickinson 0 0 0 -1 4 1 2 0 0 1 2/5 13:04 0:00 3:58
Johnny Gaudreau 1 0 1 -2 0 6 1 1 1 0 1/2 16:51 3:25 0:00
Jonathan Huberdeau 0 1 1 0 0 1 1 0 1 0 0/1 13:35 0:00 0:00
Kirill Kaprizov 1 0 1 0 0 7 5 1 1 0 0/0 16:38 2:39 0:19
Michael Matheson 1 2 3 3 4 2 0 1 0 0 0/0 25:58 3:27 2:15
Moritz Seider 0 1 1 -1 4 3 1 1 0 0 0/0 20:44 3:27 2:34
Roope Hintz 0 1 1 -2 0 3 2 0 0 0 12/22 16:51 3:25 0:00
TJ Brodie 0 0 0 -1 0 2 0 0 0 1 0/0 13:15 0:00 0:18
Travis Konecny 0 0 0 -1 0 4 1 2 0 0 1/1 15:29 2:39 0:00
Trevor Moore 1 0 1 3 0 1 0 0 2 0 0/1 13:38 0:00 4:15
Players Stats for Washington Capitals
Player Name G A P +/- PIM S H SB GA TA FO MP PP MP PK MP
------------------------------------------------------------------------------------
Alex Ovechkin 1 1 2 0 2 5 2 0 1 0 0/2 20:19 4:43 0:00
Brad Marchand 1 1 2 2 0 1 4 0 0 1 0/0 15:45 0:00 4:15
David Savard 0 0 0 1 2 2 1 1 0 0 0/0 20:56 2:20 2:36
Derek Forbort 0 0 0 0 0 0 0 2 0 0 0/0 13:16 0:00 0:59
Derek Ryan 0 0 0 -2 0 0 0 0 0 0 1/3 9:21 0:00 1:21
Drake Batherson 0 0 0 -2 0 0 1 0 1 1 0/0 8:40 0:06 0:18
Fabian Zetterlund 0 0 0 -2 2 2 1 0 0 0 0/1 9:35 0:06 1:00
Ian Cole 0 0 0 0 0 0 1 0 0 1 0/0 14:21 0:00 1:50
Jamie Oleksiak 0 0 0 -1 0 0 3 1 0 1 0/0 24:51 2:20 4:14
Jason Robertson 0 2 2 0 0 5 1 0 0 0 1/2 20:20 4:43 0:00
John Carlson 0 0 0 -2 0 4 1 2 0 1 0/0 23:27 6:18 0:00
Jordan Kyrou 2 0 2 1 0 3 0 1 1 0 0/1 14:44 3:49 0:00
Michael McLeod 0 1 1 1 0 0 0 0 0 0 14/21 14:20 0:00 4:15
Nick Foligno 0 2 2 1 0 1 2 0 0 0 5/8 15:54 3:49 0:59
Nico Hischier 2 1 3 0 0 9 2 0 2 1 17/36 20:20 4:43 0:00
Owen Tippett 0 0 0 0 0 1 1 0 0 0 1/1 10:42 0:06 0:00
Thomas Harley 0 0 0 2 0 0 2 0 0 0 0/0 23:36 6:18 2:29
Vladimir Tarasenko 0 1 1 0 0 0 0 0 0 0 0/1 13:26 3:49 0:00
3 Stars
1 - Nico Hischier (WSH)
2 - Brad Marchand (WSH)
3 - Jordan Kyrou (WSH)
Power Play
Tampa Bay Lightning - 1 on 4 Attempt(s) - 25.00%
Washington Capitals - 2 on 6 Attempt(s) - 33.33%
Penalty Kill
Tampa Bay Lightning - 4 on 6 Attempt(s) - 66.67%
- Score 0 goal in Penalty Kill
Washington Capitals - 3 on 4 Attempt(s) - 75.00%
- Score 1 goal in Penalty Kill
Team Stat
Tampa Bay Lightning - Hits : 26 - Faceoff Wins : 37 - Blocked Shots : 13 - Penalty Minutes : 12
Washington Capitals - Hits : 22 - Faceoff Wins : 39 - Blocked Shots : 7 - Penalty Minutes : 8
Official
Referees : Morgan Macphee and Cody Beach
Linesman : CJ Murray and Mitchell Hunt
Game Notes
No Game Note
Finance
Level 1 -- Attendance: 5670 (94.50%) -- Ticket Income $538,650
Level 2 -- Attendance: 5000 (100.00%) -- Ticket Income $275,000
Level 3 -- Attendance: 3000 (100.00%) -- Ticket Income $99,000
Level 4 -- Attendance: 5000 (100.00%) -- Ticket Income $110,000
Luxury Box -- Attendance: 885 (88.50%) -- Ticket Income $172,575
Game was played at the Verizon Center.
Total Attendance: 19555 (97.78%)
Total Ticket Income: $1,195,225
Other Income: $418,329
Total Income: $1,613,554
Tampa Bay Lightning
5 vs 5 Forward
Center Left Wing Right Wing Time % Phy DF OF
1 Anze Kopitar Kirill Kaprizov Jonathan Huberdeau 35 0 2 3
2 Roope Hintz Johnny Gaudreau Travis Konecny 30 0 3 2
3 Jason Dickinson Dylan Cozens Gustav Nyquist 20 0 4 1
4 Alexander Kerfoot Jack Roslovic Trevor Moore 15 0 5 0
5 vs 5 Defense
Defense Defense Time % Phy DF OF
1 Moritz Seider Hampus Lindholm 30 1 2 2
2 Michael Matheson Darnell Nurse 30 1 2 2
3 TJ Brodie Brent Burns 25 1 2 2
4 Michael Matheson Brent Burns 15 1 2 2
PowerPlay Forward
Center Left Wing Right Wing Time % Phy DF OF
1 Roope Hintz Johnny Gaudreau Gustav Nyquist 50 1 2 2
2 Anze Kopitar Kirill Kaprizov Travis Konecny 50 1 2 2
PowerPlay Defense
Defense Defense Time % Phy DF OF
1 Michael Matheson Moritz Seider 50 1 2 2
2 Darnell Nurse Brent Burns 50 1 2 2
Penalty Kill 4 Players Forward
Center Wing Time % Phy DF OF
1 Jason Dickinson Trevor Moore 50 1 2 2
2 Dylan Cozens Alexander Kerfoot 50 1 2 2
Penalty Kill 4 Players Defense
Defense Defense Time % Phy DF OF
1 Moritz Seider Brent Burns 50 1 2 2
2 Michael Matheson Hampus Lindholm 50 1 2 2
Penalty Kill - 3 Players Forward
Forward Time % Phy DF OF
1 Anze Kopitar 50 1 2 2
2 Jason Dickinson 50 1 2 2
Penalty Kill - 3 Players Defense
Defense Defense Time % Phy DF OF
1 Michael Matheson Darnell Nurse 50 1 2 2
2 Moritz Seider Brent Burns 50 1 2 2
4 vs 4 Forward
Center Wing Time % Phy DF OF
1 Anze Kopitar Kirill Kaprizov 50 1 2 2
2 Dylan Cozens Travis Konecny 50 1 2 2
4 vs 4 Defense
Defense Defense Time % Phy DF OF
1 Michael Matheson Brent Burns 50 1 2 2
2 Moritz Seider Hampus Lindholm 50 1 2 2
Last Minutes Offensive
Center Left Wing Right Wing Defense Defense
Anze Kopitar Kirill Kaprizov Travis Konecny Michael Matheson Moritz Seider
Last Minutes Defensive
Center Left Wing Right Wing Defense Defense
Anze Kopitar Jason Dickinson Alexander Kerfoot Moritz Seider Michael Matheson
Goaltenders
Starting : Darcy Kuemper
Backup : Jeremy Swayman
Extra Forwards
Normal : Travis Konecny, Anze Kopitar, Trevor Moore - PP : Jonathan Huberdeau, Trevor Moore - PK : Anze Kopitar
Extra Defensemen
Normal : Brent Burns, Michael Matheson, Moritz Seider - PP : Hampus Lindholm - PK : Darnell Nurse, TJ Brodie
Penalty Shots
Trevor Moore, Gustav Nyquist, Alexander Kerfoot, Anze Kopitar, Jonathan Huberdeau
Scratches
None
Washington Capitals
5 vs 5 Forward
Center Left Wing Right Wing Time % Phy DF OF
1 Nico Hischier Alex Ovechkin Jason Robertson 40 1 1 3
2 Nick Foligno Brad Marchand Jordan Kyrou 30 1 1 3
3 Michael McLeod Vladimir Tarasenko Owen Tippett 20 1 1 3
4 Derek Ryan Drake Batherson Fabian Zetterlund 10 1 1 3
5 vs 5 Defense
Defense Defense Time % Phy DF OF
1 John Carlson Jamie Oleksiak 37 2 3 0
2 David Savard Thomas Harley 35 2 3 0
3 Ian Cole Derek Forbort 28 2 3 0
4 John Carlson David Savard 0 2 3 0
PowerPlay Forward
Center Left Wing Right Wing Time % Phy DF OF
1 Nico Hischier Alex Ovechkin Jason Robertson 60 1 2 2
2 Nick Foligno Vladimir Tarasenko Jordan Kyrou 40 1 2 2
PowerPlay Defense
Defense Defense Time % Phy DF OF
1 John Carlson Thomas Harley 60 1 2 2
2 Jamie Oleksiak David Savard 40 1 2 2
Penalty Kill 4 Players Forward
Center Wing Time % Phy DF OF
1 Michael McLeod Brad Marchand 60 1 2 2
2 Derek Ryan Fabian Zetterlund 40 1 2 2
Penalty Kill 4 Players Defense
Defense Defense Time % Phy DF OF
1 David Savard Jamie Oleksiak 60 1 2 2
2 Derek Forbort Ian Cole 40 1 2 2
Penalty Kill - 3 Players Forward
Forward Time % Phy DF OF
1 Michael McLeod 60 1 2 2
2 Derek Ryan 40 1 2 2
Penalty Kill - 3 Players Defense
Defense Defense Time % Phy DF OF
1 David Savard Jamie Oleksiak 60 1 2 2
2 Derek Forbort Ian Cole 40 1 2 2
4 vs 4 Forward
Center Wing Time % Phy DF OF
1 Nico Hischier Alex Ovechkin 60 1 2 2
2 Nick Foligno Jason Robertson 40 1 2 2
4 vs 4 Defense
Defense Defense Time % Phy DF OF
1 John Carlson Thomas Harley 60 1 2 2
2 Jamie Oleksiak David Savard 40 1 2 2
Last Minutes Offensive
Center Left Wing Right Wing Defense Defense
Nico Hischier Alex Ovechkin Jason Robertson John Carlson Thomas Harley
Last Minutes Defensive
Center Left Wing Right Wing Defense Defense
Michael McLeod Brad Marchand Nick Foligno Derek Forbort Jamie Oleksiak
Goaltenders
Starting : Jake Oettinger
Backup : Sergei Bobrovsky
Extra Forwards
Normal : Owen Tippett, Drake Batherson, Jordan Kyrou - PP : Owen Tippett, Fabian Zetterlund - PK : Fabian Zetterlund
Extra Defensemen
Normal : Thomas Harley, Jamie Oleksiak, Ian Cole - PP : David Savard - PK : Jamie Oleksiak, Thomas Harley
Penalty Shots
Jason Robertson, Drake Batherson, Derek Ryan, David Savard, John Carlson
Scratches
Yegor Chinakhov (Healthy), Stefan Noesen (Healthy), Nick Jensen (Healthy)
% Time on Ice - Tampa Bay Lightning
Lines # - Real PCT - Wanted PCT - Time Play
Normal Forward
1 - 34% - 35% - 15:24
2 - 29% - 30% - 12:49
3 - 18% - 20% - 8:13
4 - 19% - 15% - 8:21
Normal Defense
1 - 32% - 30% - 14:14
2 - 32% - 30% - 14:12
3 - 25% - 25% - 11:10
4 - 12% - 15% - 5:11
PP Forward
1 - 56% - 50% - 3:25
2 - 44% - 50% - 2:39
PP Defense
1 - 57% - 50% - 3:27
2 - 43% - 50% - 2:37
PK Forward
1 - 49% - 50% - 4:15
2 - 51% - 50% - 4:23
PK Defense
1 - 51% - 50% - 4:23
2 - 49% - 50% - 4:15
PK3 Forward
1 - 0% - 50%
2 - 0% - 50%
PK3 Defense
1 - 0% - 50%
2 - 0% - 50%
44 Forward
1 - 0% - 50%
2 - 0% - 50%
44 Defense
1 - 0% - 50%
2 - 0% - 50%
Last Minute Offensive - 0:02
Last Minute Defensive - 0:29
Total
Forward - 60:00
Defense - 60:00
|
% Time on Ice - Washington Capitals
Lines # - Real PCT - Wanted PCT - Time Play
Normal Forward
1 - 35% - 40% - 15:41
2 - 26% - 30% - 11:44
3 - 22% - 20% - 9:47
4 - 17% - 10% - 7:35
Normal Defense
1 - 37% - 37% - 16:45
2 - 36% - 35% - 16:06
3 - 27% - 28% - 11:56
4 - 0% - 0% - 0:00
PP Forward
1 - 56% - 60% - 4:49
2 - 44% - 40% - 3:49
PP Defense
1 - 73% - 60% - 6:18
2 - 27% - 40% - 2:20
PK Forward
1 - 78% - 60% - 4:43
2 - 22% - 40% - 1:21
PK Defense
1 - 70% - 60% - 4:14
2 - 30% - 40% - 1:50
PK3 Forward
1 - 0% - 60%
2 - 0% - 40%
PK3 Defense
1 - 0% - 60%
2 - 0% - 40%
44 Forward
1 - 0% - 60%
2 - 0% - 40%
44 Defense
1 - 0% - 60%
2 - 0% - 40%
Last Minute Offensive - 0:29
Last Minute Defensive - 0:02
Total
Forward - 60:00
Defense - 60:00
|
Play-by-Play
1st period
0:01 of 1st period - Anze Kopitar wins face-off versus Nico Hischier in neutral zone.
0:45 of 1st period - Wrist shot by Johnny Gaudreau.
0:45 of 1st period - Shot Misses the Net.
1:17 of 1st period - Off-side.
1:18 of 1st period - Alexander Kerfoot wins face-off versus Fabian Zetterlund in neutral zone.
1:25 of 1st period - Wrist shot by Fabian Zetterlund.
1:25 of 1st period - Shot Misses the Net.
1:48 of 1st period - Snap shot by Jordan Kyrou.
1:48 of 1st period - Shot Hit the Post.
1:50 of 1st period - Slapshot by David Savard.
1:50 of 1st period - Shot Blocked by Moritz Seider.
1:52 of 1st period - Slapshot by Thomas Harley.
1:52 of 1st period - Shot Misses the Net.
1:54 of 1st period - Slapshot by David Savard.
1:54 of 1st period - Shot Misses the Net.
1:56 of 1st period - Slapshot by David Savard.
1:56 of 1st period - Stopped by Darcy Kuemper with a rebound.
2:40 of 1st period - David Savard is hit by Kirill Kaprizov and loses puck.
2:51 of 1st period - Dylan Cozens is hit by Drake Batherson and loses puck.
3:35 of 1st period - Snap shot by Jordan Kyrou.
3:35 of 1st period - Deflect By Brad Marchand.
3:35 of 1st period - Shot Misses the Net.
3:35 of 1st period - Puck is out of play.
3:36 of 1st period - Nick Foligno wins face-off versus Anze Kopitar in Tampa Bay Lightning zone.
4:03 of 1st period - Ian Cole is hit by Johnny Gaudreau and loses puck.
4:28 of 1st period - Wrist shot by Nico Hischier.
4:28 of 1st period - Stopped by Darcy Kuemper with a rebound.
4:33 of 1st period - Minor Penalty to Moritz Seider for Roughing.
4:34 of 1st period - Jason Dickinson wins face-off versus Nico Hischier in Tampa Bay Lightning zone.
4:34 of 1st period - Jason Dickinson is hit by John Carlson.
6:33 of 1st period - Penalty to Moritz Seider is over, Moritz Seider is back on ice.
6:33 of 1st period - Hampus Lindholm is hit by Nick Foligno.
6:39 of 1st period - Snap shot by Jason Dickinson.
6:39 of 1st period - Shot Misses the Net.
7:13 of 1st period - Slapshot by Roope Hintz.
7:13 of 1st period - Shot Misses the Net.
7:29 of 1st period - TJ Brodie is hit by Fabian Zetterlund and loses puck.
7:40 of 1st period - Derek Forbort is hit by Brent Burns and loses puck.
8:03 of 1st period - Dylan Cozens is hit by Ian Cole.
8:45 of 1st period - Derek Forbort is hit by Moritz Seider and loses puck.
8:56 of 1st period - Ian Cole is hit by Kirill Kaprizov and loses puck.
9:34 of 1st period - Moritz Seider is hit by Brad Marchand and loses puck.
9:52 of 1st period - Roope Hintz is hit by Jamie Oleksiak and loses puck.
10:11 of 1st period - Thomas Harley is hit by Jason Dickinson and loses puck.
10:39 of 1st period - Jamie Oleksiak is hit by Hampus Lindholm and loses puck.
10:44 of 1st period - Snap shot by Kirill Kaprizov.
10:44 of 1st period - Stopped by Jake Oettinger without a rebound.
10:45 of 1st period - Nico Hischier wins face-off versus Roope Hintz in Washington Capitals zone.
10:50 of 1st period - Hampus Lindholm is hit by Alex Ovechkin and loses puck.
10:57 of 1st period - Slapshot by Nico Hischier.
10:57 of 1st period - Stopped by Darcy Kuemper with a rebound.
10:59 of 1st period - Slapshot by Alex Ovechkin.
10:59 of 1st period - Goal by Alex Ovechkin - Tampa Bay Lightning : 0 - Washington Capitals : 1.
11:00 of 1st period - Nico Hischier wins face-off versus Anze Kopitar in neutral zone.
11:03 of 1st period - Kirill Kaprizov is hit by Nico Hischier and loses puck.
11:26 of 1st period - Michael Matheson is hit by Brad Marchand and loses puck.
11:47 of 1st period - Off-side.
11:48 of 1st period - Michael McLeod wins face-off versus Anze Kopitar in neutral zone.
13:18 of 1st period - Snap shot by Dylan Cozens.
13:18 of 1st period - Shot Blocked by John Carlson.
13:24 of 1st period - Wrist shot by Michael McLeod.
13:24 of 1st period - Shot Misses the Net.
13:45 of 1st period - Snap shot by Jason Robertson.
13:45 of 1st period - Stopped by Darcy Kuemper without a rebound.
13:46 of 1st period - Nico Hischier wins face-off versus Anze Kopitar in Tampa Bay Lightning zone.
14:19 of 1st period - Icing by Jamie Oleksiak.
14:20 of 1st period - Nick Foligno wins face-off versus Roope Hintz in Washington Capitals zone.
15:11 of 1st period - Wrist shot by Dylan Cozens.
15:11 of 1st period - Shot Misses the Net.
15:51 of 1st period - Off-side.
15:52 of 1st period - Roope Hintz wins face-off versus Jordan Kyrou in neutral zone.
16:11 of 1st period - Snap shot by Roope Hintz.
16:11 of 1st period - Stopped by Jake Oettinger without a rebound.
16:12 of 1st period - Nico Hischier wins face-off versus Anze Kopitar in Washington Capitals zone.
16:12 of 1st period - Nico Hischier is hit by Kirill Kaprizov.
16:20 of 1st period - Snap shot by Kirill Kaprizov.
16:20 of 1st period - Stopped by Jake Oettinger without a rebound.
16:20 of 1st period - Minor Penalty to Jake Oettinger for Slashing.
16:21 of 1st period - Roope Hintz wins face-off versus Michael McLeod in Washington Capitals zone.
16:24 of 1st period - Slapshot by Gustav Nyquist.
16:24 of 1st period - Stopped by Jake Oettinger with a rebound.
16:26 of 1st period - Snap shot by Moritz Seider.
16:26 of 1st period - Stopped by Jake Oettinger without a rebound.
16:27 of 1st period - Michael McLeod wins face-off versus Roope Hintz in Washington Capitals zone.
17:48 of 1st period - Travis Konecny is hit by David Savard and loses puck.
18:20 of 1st period - Penalty to Derek Forbort is over, Derek Forbort is back on ice.
18:28 of 1st period - Thomas Harley is hit by Darnell Nurse and loses puck.
18:37 of 1st period - Nico Hischier is hit by Alexander Kerfoot and loses puck.
18:50 of 1st period - Jamie Oleksiak is hit by Dylan Cozens and loses puck.
19:09 of 1st period - Minor Penalty to Fabian Zetterlund for Interference.
19:10 of 1st period - Michael McLeod wins face-off versus Anze Kopitar in Washington Capitals zone.
19:36 of 1st period - Icing by Johnny Gaudreau.
19:37 of 1st period - Michael McLeod wins face-off versus Gustav Nyquist in Tampa Bay Lightning zone.
19:50 of 1st period - Snap shot by Derek Ryan.
19:50 of 1st period - Shot Blocked by Kirill Kaprizov.
Goals for this period are 0 for Tampa Bay Lightning vs 1 for Washington Capitals.
Shots for this period are 5 for Tampa Bay Lightning vs 5 for Washington Capitals.
2nd period
0:01 of 2nd period - Michael McLeod wins face-off versus Johnny Gaudreau in neutral zone.
0:14 of 2nd period - Snap shot by Johnny Gaudreau.
0:14 of 2nd period - Stopped by Jake Oettinger without a rebound.
0:15 of 2nd period - Michael McLeod wins face-off versus Anze Kopitar in Washington Capitals zone.
0:15 of 2nd period - Michael McLeod is hit by Brent Burns.
0:57 of 2nd period - Snap shot by Kirill Kaprizov.
0:57 of 2nd period - Stopped by Jake Oettinger without a rebound.
0:58 of 2nd period - Michael McLeod wins face-off versus Roope Hintz in Washington Capitals zone.
1:09 of 2nd period - Penalty to Fabian Zetterlund is over, Fabian Zetterlund is back on ice.
2:24 of 2nd period - Wrist shot by Nick Foligno.
2:24 of 2nd period - Shot Blocked by Brent Burns.
3:02 of 2nd period - Snap shot by Drake Batherson.
3:02 of 2nd period - Deflect By Fabian Zetterlund.
3:02 of 2nd period - Stopped by Darcy Kuemper with a rebound.
3:28 of 2nd period - Wrist shot by Anze Kopitar.
3:28 of 2nd period - Stopped by Jake Oettinger without a rebound.
3:29 of 2nd period - Michael McLeod wins face-off versus Roope Hintz in Washington Capitals zone.
3:42 of 2nd period - Backhand shot by Johnny Gaudreau.
3:42 of 2nd period - Stopped by Jake Oettinger with a rebound.
3:44 of 2nd period - Snap shot by Michael Matheson.
3:44 of 2nd period - Shot Blocked by John Carlson.
3:58 of 2nd period - Snap shot by Kirill Kaprizov.
3:58 of 2nd period - Stopped by Jake Oettinger with a rebound.
4:00 of 2nd period - Slapshot by Hampus Lindholm.
4:00 of 2nd period - Deflect By John Carlson.
4:00 of 2nd period - Stopped by Jake Oettinger with a rebound.
4:02 of 2nd period - Snap shot by Moritz Seider.
4:02 of 2nd period - Stopped by Jake Oettinger with a rebound.
4:39 of 2nd period - Slapshot by Jason Dickinson.
4:39 of 2nd period - Shot Blocked by Derek Forbort.
4:41 of 2nd period - Wrist shot by Dylan Cozens.
4:41 of 2nd period - Shot Misses the Net.
4:47 of 2nd period - Snap shot by Gustav Nyquist.
4:47 of 2nd period - Shot Misses the Net.
4:49 of 2nd period - Slapshot by Hampus Lindholm.
4:49 of 2nd period - Deflect By Dylan Cozens.
4:49 of 2nd period - Shot Blocked by Derek Forbort.
4:49 of 2nd period - Puck is out of play.
4:50 of 2nd period - Anze Kopitar wins face-off versus Nick Foligno in Washington Capitals zone.
4:59 of 2nd period - Jordan Kyrou is hit by Jonathan Huberdeau and loses puck.
5:21 of 2nd period - Snap shot by Johnny Gaudreau.
5:21 of 2nd period - Stopped by Jake Oettinger without a rebound.
5:22 of 2nd period - Johnny Gaudreau wins face-off versus Michael McLeod in Washington Capitals zone.
5:25 of 2nd period - Wrist shot by Travis Konecny.
5:25 of 2nd period - Stopped by Jake Oettinger with a rebound.
5:42 of 2nd period - Wrist shot by Owen Tippett.
5:42 of 2nd period - Shot Misses the Net.
5:44 of 2nd period - Snap shot by Owen Tippett.
5:44 of 2nd period - Stopped by Darcy Kuemper with a rebound.
6:10 of 2nd period - Snap shot by Roope Hintz.
6:10 of 2nd period - Shot Misses the Net.
6:12 of 2nd period - Slapshot by TJ Brodie.
6:12 of 2nd period - Stopped by Jake Oettinger without a rebound.
6:13 of 2nd period - Anze Kopitar wins face-off versus Nico Hischier in Washington Capitals zone.
6:14 of 2nd period - Snap shot by Kirill Kaprizov.
6:14 of 2nd period - Stopped by Jake Oettinger without a rebound.
6:15 of 2nd period - Anze Kopitar wins face-off versus Nico Hischier in Washington Capitals zone.
6:16 of 2nd period - Slapshot by Kirill Kaprizov.
6:16 of 2nd period - Shot Misses the Net.
6:20 of 2nd period - Snap shot by Kirill Kaprizov.
6:20 of 2nd period - Stopped by Jake Oettinger without a rebound.
6:21 of 2nd period - Anze Kopitar wins face-off versus Nico Hischier in Washington Capitals zone.
6:21 of 2nd period - Minor Penalty to Michael Matheson for Slashing.
6:22 of 2nd period - Nico Hischier wins face-off versus Jason Dickinson in Tampa Bay Lightning zone.
6:25 of 2nd period - Snap shot by Alex Ovechkin.
6:25 of 2nd period - Shot Blocked by Darnell Nurse.
8:21 of 2nd period - Penalty to Michael Matheson is over, Michael Matheson is back on ice.
8:31 of 2nd period - Snap shot by Owen Tippett.
8:31 of 2nd period - Shot Misses the Net.
9:41 of 2nd period - Anze Kopitar is hit by Jamie Oleksiak and loses puck.
9:58 of 2nd period - Slapshot by Michael Matheson.
9:58 of 2nd period - Goal by Michael Matheson - Tampa Bay Lightning : 1 - Washington Capitals : 1.
9:59 of 2nd period - Nico Hischier wins face-off versus Anze Kopitar in neutral zone.
10:14 of 2nd period - Wrist shot by Alex Ovechkin.
10:14 of 2nd period - Shot Misses the Net.
10:16 of 2nd period - Wrist shot by Alex Ovechkin.
10:16 of 2nd period - Stopped by Darcy Kuemper with a rebound.
10:26 of 2nd period - Thomas Harley is hit by Hampus Lindholm and loses puck.
10:37 of 2nd period - Wrist shot by Jordan Kyrou.
10:37 of 2nd period - Shot Misses the Net.
10:55 of 2nd period - Wrist shot by Trevor Moore.
10:55 of 2nd period - Shot Misses the Net.
10:57 of 2nd period - Snap shot by Jack Roslovic.
10:57 of 2nd period - Stopped by Jake Oettinger without a rebound.
10:58 of 2nd period - Nico Hischier wins face-off versus Alexander Kerfoot in Washington Capitals zone.
11:11 of 2nd period - Snap shot by Jason Robertson.
11:11 of 2nd period - Stopped by Darcy Kuemper with a rebound.
11:13 of 2nd period - Slapshot by David Savard.
11:13 of 2nd period - Stopped by Darcy Kuemper without a rebound.
11:14 of 2nd period - Nico Hischier wins face-off versus Jonathan Huberdeau in Tampa Bay Lightning zone.
12:58 of 2nd period - Snap shot by Travis Konecny.
12:58 of 2nd period - Stopped by Jake Oettinger with a rebound.
13:10 of 2nd period - Snap shot by Brad Marchand.
13:10 of 2nd period - Shot Blocked by Travis Konecny.
13:12 of 2nd period - Slapshot by David Savard.
13:12 of 2nd period - Deflect By Jordan Kyrou.
13:12 of 2nd period - Shot Misses the Net.
13:12 of 2nd period - Puck is out of play.
13:13 of 2nd period - Michael McLeod wins face-off versus Anze Kopitar in Tampa Bay Lightning zone.
13:52 of 2nd period - Slapshot by Nico Hischier.
13:52 of 2nd period - Deflect By Moritz Seider.
13:52 of 2nd period - Shot Misses the Net.
13:52 of 2nd period - Puck is out of play.
13:53 of 2nd period - Roope Hintz wins face-off versus Nick Foligno in Tampa Bay Lightning zone.
14:10 of 2nd period - Snap shot by Roope Hintz.
14:10 of 2nd period - Shot Blocked by Jordan Kyrou.
14:32 of 2nd period - Wrist shot by Jordan Kyrou.
14:32 of 2nd period - Shot Misses the Net.
15:13 of 2nd period - Snap shot by Owen Tippett.
15:13 of 2nd period - Deflect By Alexander Kerfoot.
15:13 of 2nd period - Shot Misses the Net.
15:13 of 2nd period - Puck is out of play.
15:14 of 2nd period - Roope Hintz wins face-off versus Michael McLeod in Tampa Bay Lightning zone.
15:19 of 2nd period - Slapshot by Darnell Nurse.
15:19 of 2nd period - Stopped by Jake Oettinger with a rebound.
15:20 of 2nd period - Minor Penalty to Michael Matheson for Roughing.
15:21 of 2nd period - Dylan Cozens wins face-off versus Nico Hischier in Tampa Bay Lightning zone.
15:53 of 2nd period - Trevor Moore is hit by Nick Foligno and loses puck.
16:03 of 2nd period - Icing by John Carlson.
16:04 of 2nd period - Dylan Cozens wins face-off versus Vladimir Tarasenko in Washington Capitals zone.
17:00 of 2nd period - Wrist shot by Nico Hischier.
17:00 of 2nd period - Stopped by Darcy Kuemper with a rebound.
17:18 of 2nd period - Brent Burns is hit by Thomas Harley and loses puck.
17:20 of 2nd period - Penalty to Michael Matheson is over, Michael Matheson is back on ice.
17:48 of 2nd period - Slapshot by Jason Dickinson.
17:48 of 2nd period - Stopped by Jake Oettinger with a rebound.
18:18 of 2nd period - Derek Ryan is hit by Roope Hintz and loses puck.
18:50 of 2nd period - Brad Marchand is hit by Jack Roslovic and loses puck.
19:17 of 2nd period - David Savard is hit by Dylan Cozens and loses puck.
19:42 of 2nd period - Anze Kopitar is hit by Brad Marchand and loses puck.
19:58 of 2nd period - Jack Roslovic is hit by Alex Ovechkin and loses puck.
Goals for this period are 1 for Tampa Bay Lightning vs 0 for Washington Capitals.
Shots for this period are 17 for Tampa Bay Lightning vs 6 for Washington Capitals.
3rd period
0:01 of 3rd period - Anze Kopitar wins face-off versus Nico Hischier in neutral zone.
0:26 of 3rd period - Brent Burns is hit by Owen Tippett and loses puck.
0:33 of 3rd period - Owen Tippett is hit by Anze Kopitar and loses puck.
0:46 of 3rd period - Slapshot by Jonathan Huberdeau.
0:46 of 3rd period - Stopped by Jake Oettinger without a rebound.
0:47 of 3rd period - Roope Hintz wins face-off versus Nico Hischier in Washington Capitals zone.
0:54 of 3rd period - Slapshot by Travis Konecny.
0:54 of 3rd period - Stopped by Jake Oettinger with a rebound.
1:02 of 3rd period - Johnny Gaudreau is hit by Nico Hischier and loses puck.
1:18 of 3rd period - Wrist shot by Dylan Cozens.
1:18 of 3rd period - Stopped by Jake Oettinger without a rebound.
1:19 of 3rd period - Nick Foligno wins face-off versus Jason Dickinson in Washington Capitals zone.
1:19 of 3rd period - Nick Foligno is hit by Dylan Cozens.
1:25 of 3rd period - Snap shot by Jordan Kyrou.
1:25 of 3rd period - Goal by Jordan Kyrou - Tampa Bay Lightning : 1 - Washington Capitals : 2.
1:26 of 3rd period - Anze Kopitar wins face-off versus Alex Ovechkin in neutral zone.
1:53 of 3rd period - Jordan Kyrou is hit by Roope Hintz and loses puck.
2:43 of 3rd period - Slapshot by Moritz Seider.
2:43 of 3rd period - Deflect By Alexander Kerfoot.
2:43 of 3rd period - Goal by Alexander Kerfoot - Tampa Bay Lightning : 2 - Washington Capitals : 2.
2:44 of 3rd period - Anze Kopitar wins face-off versus Alex Ovechkin in neutral zone.
2:47 of 3rd period - Slapshot by Darnell Nurse.
2:47 of 3rd period - Stopped by Jake Oettinger without a rebound.
2:48 of 3rd period - Anze Kopitar wins face-off versus Nico Hischier in Washington Capitals zone.
2:51 of 3rd period - Snap shot by Kirill Kaprizov.
2:51 of 3rd period - Shot Misses the Net.
2:53 of 3rd period - Wrist shot by Anze Kopitar.
2:53 of 3rd period - Shot Misses the Net.
2:55 of 3rd period - Slapshot by Michael Matheson.
2:55 of 3rd period - Shot Misses the Net.
2:57 of 3rd period - Wrist shot by Darnell Nurse.
2:57 of 3rd period - Deflect By Anze Kopitar.
2:57 of 3rd period - Stopped by Jake Oettinger without a rebound.
2:58 of 3rd period - Anze Kopitar wins face-off versus Nico Hischier in Washington Capitals zone.
3:03 of 3rd period - Backhand shot by Anze Kopitar.
3:03 of 3rd period - Stopped by Jake Oettinger without a rebound.
3:04 of 3rd period - Nico Hischier wins face-off versus Anze Kopitar in Washington Capitals zone.
3:06 of 3rd period - Minor Penalty to Alex Ovechkin for Slashing.
3:07 of 3rd period - Roope Hintz wins face-off versus Michael McLeod in Washington Capitals zone.
3:09 of 3rd period - Snap shot by Gustav Nyquist.
3:09 of 3rd period - Shot Blocked by Jamie Oleksiak.
3:11 of 3rd period - Snap shot by Roope Hintz.
3:11 of 3rd period - Stopped by Jake Oettinger without a rebound.
3:12 of 3rd period - Roope Hintz wins face-off versus Michael McLeod in Washington Capitals zone.
3:13 of 3rd period - Slapshot by Johnny Gaudreau.
3:13 of 3rd period - Goal by Johnny Gaudreau - Tampa Bay Lightning : 3 - Washington Capitals : 2.
3:14 of 3rd period - Nico Hischier wins face-off versus Anze Kopitar in neutral zone.
3:22 of 3rd period - Icing by Jonathan Huberdeau.
3:23 of 3rd period - Anze Kopitar wins face-off versus Nico Hischier in Tampa Bay Lightning zone.
3:32 of 3rd period - Jamie Oleksiak is hit by Darnell Nurse and loses puck.
3:41 of 3rd period - Wrist shot by Alex Ovechkin.
3:41 of 3rd period - Stopped by Darcy Kuemper with a rebound.
3:43 of 3rd period - Slapshot by John Carlson.
3:43 of 3rd period - Shot Misses the Net.
3:59 of 3rd period - Snap shot by Kirill Kaprizov.
3:59 of 3rd period - Goal by Kirill Kaprizov - Tampa Bay Lightning : 4 - Washington Capitals : 2.
4:00 of 3rd period - Nick Foligno wins face-off versus Roope Hintz in neutral zone.
4:26 of 3rd period - Jonathan Huberdeau is hit by Thomas Harley and loses puck.
4:31 of 3rd period - Snap shot by Nico Hischier.
4:31 of 3rd period - Stopped by Darcy Kuemper with a rebound.
5:06 of 3rd period - Off-side.
5:07 of 3rd period - Alexander Kerfoot wins face-off versus Derek Ryan in neutral zone.
5:10 of 3rd period - Slapshot by Darnell Nurse.
5:10 of 3rd period - Stopped by Jake Oettinger without a rebound.
5:11 of 3rd period - Derek Ryan wins face-off versus Alexander Kerfoot in Washington Capitals zone.
5:36 of 3rd period - Snap shot by Trevor Moore.
5:36 of 3rd period - Shot Blocked by David Savard.
5:38 of 3rd period - Wrist shot by Trevor Moore.
5:38 of 3rd period - Goal by Trevor Moore - Tampa Bay Lightning : 5 - Washington Capitals : 2.
5:39 of 3rd period - Roope Hintz wins face-off versus Nico Hischier in neutral zone.
5:51 of 3rd period - Minor Penalty to David Savard for Tripping.
5:52 of 3rd period - Michael McLeod wins face-off versus Roope Hintz in Washington Capitals zone.
5:56 of 3rd period - Backhand shot by Brad Marchand.
5:56 of 3rd period - Goal by Brad Marchand - Tampa Bay Lightning : 5 - Washington Capitals : 3.
5:57 of 3rd period - Michael McLeod wins face-off versus Roope Hintz in neutral zone.
6:00 of 3rd period - Johnny Gaudreau is hit by Brad Marchand.
6:32 of 3rd period - Snap shot by Fabian Zetterlund.
6:32 of 3rd period - Shot Misses the Net.
6:34 of 3rd period - Snap shot by Ian Cole.
6:34 of 3rd period - Shot Misses the Net.
6:36 of 3rd period - Snap shot by Ian Cole.
6:36 of 3rd period - Shot Blocked by Travis Konecny.
6:38 of 3rd period - Snap shot by Derek Ryan.
6:38 of 3rd period - Shot Blocked by Brent Burns.
6:42 of 3rd period - Snap shot by Fabian Zetterlund.
6:42 of 3rd period - Deflect By Derek Ryan.
6:42 of 3rd period - Shot Blocked by Darnell Nurse.
6:42 of 3rd period - Puck is out of play.
6:43 of 3rd period - Roope Hintz wins face-off versus Michael McLeod in Tampa Bay Lightning zone.
6:48 of 3rd period - Slapshot by Moritz Seider.
6:48 of 3rd period - Stopped by Jake Oettinger without a rebound.
6:49 of 3rd period - Michael McLeod wins face-off versus Roope Hintz in Washington Capitals zone.
7:18 of 3rd period - Wrist shot by Roope Hintz.
7:18 of 3rd period - Shot Misses the Net.
7:49 of 3rd period - Icing by Johnny Gaudreau.
7:50 of 3rd period - Roope Hintz wins face-off versus Derek Ryan in Tampa Bay Lightning zone.
7:51 of 3rd period - Penalty to David Savard is over, David Savard is back on ice.
8:07 of 3rd period - Slapshot by Gustav Nyquist.
8:07 of 3rd period - Stopped by Jake Oettinger with a rebound.
8:09 of 3rd period - Wrist shot by Roope Hintz.
8:09 of 3rd period - Shot Misses the Net.
8:11 of 3rd period - Slapshot by Moritz Seider.
8:11 of 3rd period - Shot Misses the Net.
8:13 of 3rd period - Backhand shot by Michael Matheson.
8:13 of 3rd period - Stopped by Jake Oettinger with a rebound.
8:15 of 3rd period - Snap shot by Roope Hintz.
8:15 of 3rd period - Stopped by Jake Oettinger without a rebound.
8:16 of 3rd period - Nico Hischier wins face-off versus Anze Kopitar in Washington Capitals zone.
8:16 of 3rd period - Nico Hischier is hit by Kirill Kaprizov.
8:27 of 3rd period - Off-side.
8:28 of 3rd period - Anze Kopitar wins face-off versus Nico Hischier in neutral zone.
8:42 of 3rd period - Wrist shot by Jason Robertson.
8:42 of 3rd period - Shot Blocked by Brent Burns.
8:44 of 3rd period - Wrist shot by Nico Hischier.
8:44 of 3rd period - Goal by Nico Hischier - Tampa Bay Lightning : 5 - Washington Capitals : 4.
8:45 of 3rd period - Nico Hischier wins face-off versus Anze Kopitar in neutral zone.
8:50 of 3rd period - Wrist shot by Alex Ovechkin.
8:50 of 3rd period - Shot Misses the Net.
8:52 of 3rd period - Slapshot by John Carlson.
8:52 of 3rd period - Stopped by Darcy Kuemper with a rebound.
8:58 of 3rd period - Wrist shot by Nico Hischier.
8:58 of 3rd period - Stopped by Darcy Kuemper with a rebound.
9:00 of 3rd period - Slapshot by John Carlson.
9:00 of 3rd period - Stopped by Darcy Kuemper without a rebound.
9:01 of 3rd period - Roope Hintz wins face-off versus Nick Foligno in Tampa Bay Lightning zone.
9:12 of 3rd period - Slapshot by Jordan Kyrou.
9:12 of 3rd period - Shot Misses the Net.
9:14 of 3rd period - Slapshot by Jamie Oleksiak.
9:14 of 3rd period - Shot Misses the Net.
9:16 of 3rd period - Snap shot by Nick Foligno.
9:16 of 3rd period - Stopped by Darcy Kuemper with a rebound.
9:18 of 3rd period - Backhand shot by Jordan Kyrou.
9:18 of 3rd period - Stopped by Darcy Kuemper with a rebound.
10:53 of 3rd period - Snap shot by Kirill Kaprizov.
10:53 of 3rd period - Shot Misses the Net.
10:55 of 3rd period - Slapshot by TJ Brodie.
10:55 of 3rd period - Stopped by Jake Oettinger without a rebound.
10:56 of 3rd period - Anze Kopitar wins face-off versus Nico Hischier in Washington Capitals zone.
11:01 of 3rd period - Slapshot by Anze Kopitar.
11:01 of 3rd period - Stopped by Jake Oettinger with a rebound.
11:35 of 3rd period - Snap shot by Brad Marchand.
11:35 of 3rd period - Shot Misses the Net.
11:54 of 3rd period - Snap shot by Gustav Nyquist.
11:54 of 3rd period - Stopped by Jake Oettinger with a rebound.
12:34 of 3rd period - Slapshot by Jason Robertson.
12:34 of 3rd period - Stopped by Darcy Kuemper without a rebound.
12:35 of 3rd period - Roope Hintz wins face-off versus Jason Robertson in Tampa Bay Lightning zone.
12:42 of 3rd period - Snap shot by Johnny Gaudreau.
12:42 of 3rd period - Shot Misses the Net.
12:44 of 3rd period - Slapshot by Travis Konecny.
12:44 of 3rd period - Stopped by Jake Oettinger with a rebound.
12:46 of 3rd period - Snap shot by Moritz Seider.
12:46 of 3rd period - Deflect By Johnny Gaudreau.
12:46 of 3rd period - Stopped by Jake Oettinger without a rebound.
12:47 of 3rd period - Travis Konecny wins face-off versus Nico Hischier in Washington Capitals zone.
12:52 of 3rd period - Wrist shot by Johnny Gaudreau.
12:52 of 3rd period - Stopped by Jake Oettinger without a rebound.
12:53 of 3rd period - Jason Robertson wins face-off versus Roope Hintz in Washington Capitals zone.
13:04 of 3rd period - Wrist shot by Nico Hischier.
13:04 of 3rd period - Shot Blocked by Hampus Lindholm.
13:06 of 3rd period - Minor Penalty to Moritz Seider for High sticking.
13:07 of 3rd period - Dylan Cozens wins face-off versus Nico Hischier in Tampa Bay Lightning zone.
14:01 of 3rd period - Darnell Nurse is hit by Jason Robertson and loses puck.
14:50 of 3rd period - John Carlson is hit by Kirill Kaprizov and loses puck.
15:06 of 3rd period - Penalty to Moritz Seider is over, Moritz Seider is back on ice.
15:13 of 3rd period - TJ Brodie is hit by Jamie Oleksiak and loses puck.
15:22 of 3rd period - Snap shot by Drake Batherson.
15:22 of 3rd period - Shot Misses the Net.
15:24 of 3rd period - Slapshot by Ian Cole.
15:24 of 3rd period - Shot Blocked by Johnny Gaudreau.
15:42 of 3rd period - Icing by Kirill Kaprizov.
15:43 of 3rd period - Owen Tippett wins face-off versus Anze Kopitar in Tampa Bay Lightning zone.
15:48 of 3rd period - Wrist shot by Drake Batherson.
15:48 of 3rd period - Shot Misses the Net.
17:46 of 3rd period - Jamie Oleksiak is hit by Travis Konecny.
17:56 of 3rd period - Snap shot by Fabian Zetterlund.
17:56 of 3rd period - Stopped by Darcy Kuemper without a rebound.
17:57 of 3rd period - Jason Dickinson wins face-off versus Michael McLeod in Tampa Bay Lightning zone.
18:02 of 3rd period - Snap shot by Dylan Cozens.
18:02 of 3rd period - Stopped by Jake Oettinger without a rebound.
18:03 of 3rd period - Michael McLeod wins face-off versus Jason Dickinson in Washington Capitals zone.
18:03 of 3rd period - Michael McLeod is hit by Jason Dickinson.
18:11 of 3rd period - Derek Forbort is hit by Gustav Nyquist and loses puck.
18:30 of 3rd period - Washington Capitals, Jake Oettinger is pulled from the net.
18:32 of 3rd period - Snap shot by Nico Hischier.
18:32 of 3rd period - Stopped by Darcy Kuemper without a rebound.
18:33 of 3rd period - Nico Hischier wins face-off versus Alexander Kerfoot in Tampa Bay Lightning zone.
18:42 of 3rd period - Wrist shot by Alex Ovechkin.
18:42 of 3rd period - Stopped by Darcy Kuemper with a rebound.
18:44 of 3rd period - Snap shot by John Carlson.
18:44 of 3rd period - Stopped by Darcy Kuemper with a rebound.
18:46 of 3rd period - Snap shot by Nico Hischier.
18:46 of 3rd period - Stopped by Darcy Kuemper without a rebound.
18:47 of 3rd period - Ken Hitchcock call a timeout for Washington Capitals.
18:47 of 3rd period - Nico Hischier wins face-off versus Anze Kopitar in Tampa Bay Lightning zone.
18:50 of 3rd period - Snap shot by Jason Robertson.
18:50 of 3rd period - Shot Misses the Net.
18:52 of 3rd period - Slapshot by Nico Hischier.
18:52 of 3rd period - Shot Misses the Net.
18:54 of 3rd period - Snap shot by John Carlson.
18:54 of 3rd period - Shot Blocked by Alexander Kerfoot.
18:56 of 3rd period - Snap shot by Alex Ovechkin.
18:56 of 3rd period - Stopped by Darcy Kuemper without a rebound.
18:57 of 3rd period - Nico Hischier wins face-off versus Anze Kopitar in Tampa Bay Lightning zone.
18:58 of 3rd period - Snap shot by Jason Robertson.
18:58 of 3rd period - Deflect By Jason Dickinson.
18:58 of 3rd period - Stopped by Darcy Kuemper with a rebound.
19:00 of 3rd period - Snap shot by John Carlson.
19:00 of 3rd period - Stopped by Darcy Kuemper without a rebound.
19:01 of 3rd period - Nico Hischier wins face-off versus Anze Kopitar in Tampa Bay Lightning zone.
19:02 of 3rd period - Wrist shot by Jason Robertson.
19:02 of 3rd period - Shot Blocked by Michael Matheson.
19:04 of 3rd period - Snap shot by Jason Robertson.
19:04 of 3rd period - Stopped by Darcy Kuemper with a rebound.
19:15 of 3rd period - Double Minor Penalty to Jason Dickinson for Roughing.
19:16 of 3rd period - Nico Hischier wins face-off versus Anze Kopitar in Tampa Bay Lightning zone.
19:16 of 3rd period - Snap shot by Jason Robertson.
19:16 of 3rd period - Deflect By Nico Hischier.
19:16 of 3rd period - Goal by Nico Hischier - Tampa Bay Lightning : 5 - Washington Capitals : 5.
19:16 of 3rd period - Jake Oettinger from Washington Capitals was sent back in the game.
19:17 of 3rd period - Dylan Cozens wins face-off versus Nico Hischier in neutral zone.
19:22 of 3rd period - Wrist shot by Dylan Cozens.
19:22 of 3rd period - Stopped by Jake Oettinger without a rebound.
19:23 of 3rd period - Dylan Cozens wins face-off versus Nico Hischier in Washington Capitals zone.
19:26 of 3rd period - Wrist shot by Alexander Kerfoot.
19:26 of 3rd period - Stopped by Jake Oettinger without a rebound.
19:27 of 3rd period - Dylan Cozens wins face-off versus Nico Hischier in Washington Capitals zone.
19:51 of 3rd period - Off-side.
19:52 of 3rd period - Nick Foligno wins face-off versus Trevor Moore in neutral zone.
19:57 of 3rd period - Wrist shot by Jordan Kyrou.
19:57 of 3rd period - Goal by Jordan Kyrou - Tampa Bay Lightning : 5 - Washington Capitals : 6.
19:58 of 3rd period - Michael McLeod wins face-off versus Anze Kopitar in neutral zone.
Goals for this period are 4 for Tampa Bay Lightning vs 5 for Washington Capitals.
Shots for this period are 25 for Tampa Bay Lightning vs 22 for Washington Capitals.
Back to the Top